 Dungeon Crawl Stone Soup version 0.13.1-2-gfb2c2b7 (webtiles) character file.

573 Lilouch the Poker (level 6, 0/46 HPs)
             Began as a Demonspawn Chaos Knight on Dec 11, 2013.
             Was a Plaything of Xom.
             Slain by a worker ant (7 damage)
             ... on Level 4 of the Dungeon.
             The game lasted 00:08:34 (3851 turns).

Lilouch the Poker (Demonspawn Chaos Knight)         Turns: 3851, Time: 00:08:34

HP   0/46        AC 10     Str 14      XL: 6   Next: 22%
MP   6/6         EV  6     Int 13      God: Xom
Gold 251         SH  0     Dex 13      Spells:  0 memorised,  5 levels left

Res.Fire  : . . .   See Invis. : .   a - +0 spear (chaos) {=f}
Res.Cold  : . . .   Warding    : .   p - +0 orc chain mail (curse)
Life Prot.: . . .   Conserve   : .   (no shield)
Res.Poison: .       Res.Corr.  : .   (no helmet)
Res.Elec. : .       Clarity    : .   (no cloak)
Sust.Abil.: . .     Spirit.Shd : .   (no gloves)
Res.Mut.  : .       Stasis     : .   d - +0 pair of boots
Res.Rott. : +       Flight     : .   (no amulet)
Saprovore : + . .                    (no ring)
                                     (no ring)

@: mildly poisoned, slightly resistant to hostile enchantments, extremely
unstealthy
A: claws 1, foul stench 1, saprovore 1
a: Renounce Religion


You were on level 4 of the Dungeon.
You worshipped Xom.
You were a toy of Xom.
You were not hungry.

You visited 2 branches of the dungeon, and saw 5 of its levels.

You collected 231 gold pieces.

Inventory:

Hand weapons
 a - a +0,+0 spear of chaos (weapon) {=f}
 r - a +0,+0 spear (quivered)
Armour
 b - a +2 leather armour
 d - a +0 pair of boots (worn)
 p - a cursed +0 orcish chain mail (worn)
Comestibles
 c - 7 bread rations
 k - 3 meat rations
 t - 2 rotting chunks of gnoll flesh
 z - 18 sultanas
Scrolls
 g - a scroll of noise {unknown}
 h - a scroll of random uselessness {unknown}
 i - 4 scrolls of identify {unknown}
 l - a scroll of curse weapon {unknown}
 m - a scroll of blinking {unknown}
 n - 2 scrolls of teleportation {unknown}
 s - a scroll of enchant armour {unknown}
 v - a scroll of recharging {unknown}
 w - a scroll of enchant weapon II {unknown}
 x - a scroll of fear {unknown}
Jewellery
 f - an uncursed ring of protection from fire {unknown}
Potions
 e - a potion of degeneration {unknown}
 j - 2 potions of paralysis {unknown}
 o - a potion of berserk rage {unknown}
 q - a potion of flight {unknown}
 u - a potion of curing {unknown}


   Skills:
 - Level 3.0 Fighting
 + Level 5.0 Polearms
 + Level 4.3 Armour
 - Level 0.8 Dodging


You had 5 spell levels left.
You didn't know any spells.

Dungeon Overview and Level Annotations

Branches:
Dungeon (4/27)             Temple (1/1) D:4

Altars:


Innate Abilities, Weirdness & Mutations

You have sharp fingernails.
You emit a foul stench, and are resistant to rotting and decay.
You can tolerate rotten meat.


Message History

You are more poisoned.
The worker ant poisons you!
You closely miss the worker ant.
The worker ant is lightly wounded.
You feel sick. The worker ant bites you.
You hit the worker ant. You burn the worker ant.
The worker ant is moderately wounded.
The worker ant bites you.
You are more poisoned.
The worker ant poisons you! The worker ant bites you.
You closely miss the worker ant.
The worker ant is moderately wounded.
You feel sick. The worker ant bites you.
* * * LOW HITPOINT WARNING * * *
You are too injured to fight recklessly!
* * * LOW HITPOINT WARNING * * *
You feel sick. The worker ant bites you.
* * * LOW HITPOINT WARNING * * *
The worker ant bites you!
You die...

##### ##...##
#######.....#
#....>......#######
#.#####...........# ###
##..........#
......######.#.......####
#.....=a@.............###
#...########.............
... #................ .
...##.......##.... ##
###..##.###### #..##.# #
....... # ##..#..#...##
...# .......


You could see a worker ant (berserk).

Vanquished Creatures
  An orc priest (D:3)
  2 orc wizards
  A worker ant (D:4)
  8 adders
  A giant mite (D:3)
  6 gnolls
  Ijyb (D:2)
  2 worms (D:4)
  2 giant geckos
  7 orcs
  A ball python (D:3)
  5 giant cockroaches
  11 goblins
  7 bats
  3 giant newts
  A goblin (shapeshifter) (D:4)
  11 hobgoblins
  11 kobolds
  6 rats
87 creatures vanquished.

Notes
Turn   | Place    | Note
--------------------------------------------------------------
     0 | D:1      | Lilouch, the Demonspawn Chaos Knight, began the quest for the Orb.
     0 | D:1      | Reached XP level 1. HP: 16/16 MP: 1/1
    73 | D:1      | XOM: mild Pois miscast
   306 | D:1      | XOM: potion effect (berserk)
   520 | D:1      | Gained mutation: You can tolerate rotten meat. [demonic ancestry]
   520 | D:1      | Reached XP level 2. HP: 17/22 MP: 2/2
  1011 | D:1      | XOM: colour smoke trail
  1047 | D:1      | You fall through a shaft!
  1122 | D:2      | XOM: mild Conj miscast
  1234 | D:2      | Reached XP level 3. HP: 28/28 MP: 3/3
  1284 | D:2      | Noticed Ijyb
  1344 | D:2      | Killed Ijyb
  1770 | D:2      | Reached XP level 4. HP: 34/34 MP: 4/4
  2010 | D:3      | Reached skill level 4 in Polearms
  2028 | D:3      | XOM: noise
  2308 | D:3      | XOM: god gift: 45 gold pieces
  2360 | D:3      | Gained mutation: You emit a foul stench, and are resistant to rotting and decay. [demonic ancestry]
  2360 | D:3      | Reached XP level 5. HP: 26/39 MP: 5/5
  2364 | D:3      | XOM: harmless Conj miscast
  3512 | D:4      | XOM: enchant monster (bad)
  3522 | D:4      | Gained mutation: You have sharp fingernails. [demonic ancestry]
  3522 | D:4      | Reached XP level 6. HP: 11/46 MP: 6/6
  3542 | D:4      | Found a staircase to the Ecumenical Temple.
  3626 | Temple   | Entered the Ecumenical Temple
  3798 | D:4      | Reached skill level 5 in Polearms
  3851 | D:4      | Slain by a worker ant

Action                   |  1- 3 |  4- 6 || total
-------------------------+-------+-------++-------
Melee: Spear             |   197 |   243 ||   440
 Stab: Confused          |     1 |       ||     1
       Petrified         |     2 |       ||     2
       Paralysed         |       |    10 ||    10
